 Dungeon Crawl Stone Soup version 0.23.2-1-ga50397a (webtiles) character file.

Game seed: 14371095494110137239

127 Iscandelvey the Ducker (level 4, 6/32 HPs)
             Began as a Demonspawn Arcane Marksman on Apr 22, 2019.
             Quit the game on level 2 of the Dungeon.
             The game lasted 00:02:58 (1353 turns).

Iscandelvey the Ducker (Demonspawn Arcane Marksman) Turns: 1353, Time: 00:02:58

Health: 6/32       AC:  4    Str: 10    XL:     4   Next: 85%
Magic:  6/7        EV: 13    Int: 16    God:
Gold:   35         SH:  0    Dex: 13    Spells: 7/8 levels left

rFire    + + .     SeeInvis .   i - +0 hand axe
rCold    + . .     Gourm    .   (no shield)
rNeg     . . .     Faith    .   b - +2 robe {rC+ rF+}
rPois    .         Spirit   +   (no helmet)
rElec    .         Reflect  .   (no cloak)
rCorr    .         Harm     .   (no gloves)
MR       .....                  (no boots)
Stlth    +.........             (no amulet)
HPRegen  0.10/turn              (no ring)
MPRegen  0.10/turn              (no ring)

@: no status effects
A: fire resistance 1, magic shield, flame cloud immunity
a: no special abilities


You were on level 2 of the Dungeon.
You were very hungry.

You visited 1 branch of the dungeon, and saw 2 of its levels.

You collected 35 gold pieces.

Inventory:

Hand Weapons
 i - a +0 hand axe (weapon)
Missiles
 c - 5 javelins (quivered)
 d - 2 throwing nets
Armour
 a - a +0 robe
 b - a +2 robe of resistance (worn)
Scrolls
 h - a scroll of magic mapping {unknown}
 l - 2 scrolls of teleportation {unknown}
 m - 2 scrolls of identify {unknown}
Potions
 e - a potion of lignification {unknown}
 g - a potion of heal wounds {unknown}
 j - a potion of agility {unknown}
 k - a potion of mutation {unknown}
Comestibles
 f - 2 rations
 n - 4 chunks of flesh


   Skills:
 - Level 1.0 Fighting
 + Level 3.0 Throwing
 + Level 3.1 Dodging
 + Level 2.5 Spellcasting
 - Level 3.0 Hexes


You had 7 spell levels left.
You knew the following spells:

 Your Spells              Type           Power        Failure   Level  Hunger
a - Corona                Hex            ##.....      6%          1    #......

Your spell library contained the following spells:

 Spells                   Type           Power        Failure   Level  Hunger
 Slow                     Hex            ##......     9%          2    ##.....
 Inner Flame              Hex/Fire       #.......     32%         3    ###....
 Portal Projectile        Hex/Tloc       #.....       32%         3    ###....
 Cause Fear               Hex            ##........   50%         4    #####..
 Leda's Liquefaction      Hex/Erth       #.........   71%         4    #####..


Dungeon Overview and Level Annotations

Branches:
Dungeon (2/15)

Altars:
Ashenzari


Innate Abilities, Weirdness & Mutations

Your flesh is heat resistant. (rF+)
When hurt, damage is shared between your health and your magic reserves.
You are immune to clouds of flame.


Message History

You are too injured to fight recklessly!
You hit the black bear.
The black bear is almost dead.
The black bear struggles against the net. x2
The net rips apart, and the black bear comes free!
You hit the black bear.
You kill the black bear!
Your Throwing skill increases to level 3!
Your Dodging skill increases to level 3!
Your Spellcasting skill increases to level 2!
You have reached level 4!
You feel clever.
Your demonic ancestry asserts itself...
You feel your magical essence form a protective shroud around your flesh.
c - 4 javelins You see here a black bear corpse.
You butcher the black bear corpse.
n - 4 chunks of flesh You see here a black bear skeleton.
c - 5 javelins (gained 1) Are you sure you want to abandon this character and quit the game? (Confirm with "yes".)

s# #. ... #. #.#
#. ...##.######
...........###...
#..##....รท@.....#
#...........#####
.....##.##...#
#..####.##...#
........###..#
........<##..#
#.#....#..##..
._...[.##.#####
#.#..........##


There were no monsters in sight!

Vanquished Creatures
  A black bear (D:2)
  An ooze (D:2)
  2 dart slugs (D:1)
  A leopard gecko (D:1)
  2 bats (D:1)
  3 giant cockroaches (D:1)
  3 goblins (D:1)
  5 hobgoblins (D:1)
  3 kobolds (D:1)
  A ball python (D:1)
  3 frilled lizards (D:1)
  5 rats (D:1)
30 creatures vanquished.

Notes
Turn   | Place    | Note
-------+----------+-------------------------------------------
     0 | D:1      | Iscandelvey the Demonspawn Arcane Marksman began the quest
                  | for the Orb.
     0 | D:1      | Reached XP level 1. HP: 15/15 MP: 2/2
   343 | D:1      | Gained mutation: Your flesh is heat resistant. (rF+)
                  | [demonic ancestry]
   343 | D:1      | Reached XP level 2. HP: 17/21 MP: 3/3
   700 | D:1      | Gained mutation: You are immune to clouds of flame.
                  | [demonic ancestry]
   700 | D:1      | Reached XP level 3. HP: 11/26 MP: 5/5
  1330 | D:2      | Found a shattered altar of Ashenzari.
  1333 | D:2      | Noticed a black bear
  1343 | D:2      | Killed a black bear
  1343 | D:2      | Gained mutation: When hurt, damage is shared between your
                  | health and your magic reserves. [demonic ancestry]
  1343 | D:2      | Reached XP level 4. HP: 5/32 MP: 5/7
  1353 | D:2      | Quit the game

Skill      XL: |  1  2  3 |
---------------+----------+-----
Dodging        | 2 3 |  3.1
Throwing       | 2 3 |  3.0
Spellcasting   | 2 |  2.5
Fighting       | |  1.0
Hexes          | |  3.0

Action                   |  1- 3 |  4- 6 || total
-------------------------+-------+-------++-------
Melee: Unarmed           |    18 |       ||    18
       Club              |     6 |       ||     6
       Hand axe          |    83 |       ||    83
Throw: Javelin           |     7 |       ||     7
       Throwing net      |     1 |       ||     1
 Stab: Sleeping          |     1 |       ||     1
Armor: Robe              |    42 |       ||    42
Dodge: Dodged            |   103 |       ||   103
